 Dungeon Crawl Stone Soup version 0.22-a0-284-g99d1f74 (webtiles) character file.

5868 KainKenai the Fighter (level 10, 0/91 HPs)
             Began as a Hill Orc Monk on Mar 20, 2018.
             Was an Elder of Beogh.
             Slain by a two-headed ogre
             ... wielding a +0 giant club
              (11 damage)
             ... on level 10 of the Dungeon.
             The game lasted 00:59:44 (10089 turns).

KainKenai the Fighter (Hill Orc Monk)              Turns: 10089, Time: 00:59:46

Health: 0/91       AC: 13    Str: 18    XL:     10   Next: 81%
Magic:  9/9        EV:  9    Int: 15    God:    Beogh [****..]
Gold:   501        SH: 15    Dex: 13    Spells: 9/9 levels left

rFire    . . .     SeeInvis .   D - +2 spear "Omuukune" {freeze, Int+5}
rCold    + . .     Gourm    .   l - +0 large shield
rNeg     . . .     Faith    .   n - +0 plate armour
rPois    .         Spirit   .   (no helmet)
rElec    .         Reflect  .   (no cloak)
rCorr    .         Harm     .   (no gloves)
MR       .....                  (no boots)
Stlth    ..........             t - amulet of magic regeneration
HPRegen  0.25/turn              B - ring of protection from cold
MPRegen  0.36/turn              d - +4 ring of evasion

@: lethally poisoned (0 -> -1)
A: low mp 1, evolution 1
a: Smiting, Recall Orcish Followers, Renounce Religion


You were on level 10 of the Dungeon.
You worshipped Beogh.
Beogh was greatly pleased with you.
You were near starving.

You visited 1 branch of the dungeon, and saw 10 of its levels.

You collected 501 gold pieces.

Inventory:

Hand Weapons
 o - the +4 dagger of Zimuetej {freeze, rElec Int+4}
   (You found it on level 9 of the Dungeon)

   It has been specially enchanted to freeze those struck by it, causing extra
   injury to most foes and up to half again as much damage against particularly
   susceptible opponents.
   It can also slow down cold-blooded creatures.
   It affects your intelligence (+4).
   It insulates you from electricity.
 A - a +6 club
 D - the +2 spear "Omuukune" (weapon) {freeze, Int+5}
   (You found it on level 7 of the Dungeon)

   It has been specially enchanted to freeze those struck by it, causing extra
   injury to most foes and up to half again as much damage against particularly
   susceptible opponents.
   It can also slow down cold-blooded creatures.
   It affects your intelligence (+5).
Missiles
 q - 5 poisoned tomahawks (quivered)
Armour
 l - a +0 large shield (worn)
 n - a +0 plate armour (worn)
Magical Staves
 x - an uncursed staff of energy
Jewellery
 d - a +4 ring of evasion (right hand)
 t - an amulet of magic regeneration (around neck)
 u - an uncursed ring of resist corrosion
 B - a ring of protection from cold (left hand)
Wands
 f - a wand of disintegration (15)
 m - a wand of scattershot (6)
 s - a wand of paralysis (9)
 y - a wand of polymorph (6)
Scrolls
 b - 5 scrolls of immolation
 e - a scroll of vulnerability {unknown}
 g - 3 scrolls of remove curse
 h - a scroll of fog
 i - 8 scrolls of teleportation
 j - 2 scrolls of blinking {unknown}
 k - 3 scrolls of amnesia
 p - 4 scrolls of enchant armour {unknown}
 w - 7 scrolls of identify
 z - 3 scrolls of magic mapping
 C - a scroll of silence {unknown}
 G - a scroll of enchant weapon
Potions
 a - 2 potions of flight
 r - a potion of brilliance
Comestibles
 c - 23 rations
 v - a chunk of flesh


   Skills:
 + Level 9.3 Fighting
   Level 6.3(8.3) Axes
 - Level 6.7(7.5) Maces & Flails
 + Level 0.9(3.3) Polearms
 + Level 7.5 Armour
 + Level 6.4 Dodging
 - Level 2.0 Stealth
 + Level 7.3 Shields


You had 9 spell levels left.
You didn't know any spells.

Dungeon Overview and Level Annotations

Branches:
Dungeon (10/15)            Temple (0/1) D:6
   Lair: D:8-11         Orc: D:9-12

Altars:
Xom


Innate Abilities, Weirdness & Mutations

Your magical capacity is low. (-10% MP)
You evolve.


Message History

You hit the two-headed ogre. You freeze the two-headed ogre.
The two-headed ogre is lightly wounded.
You block the two-headed ogre's attack.
The two-headed ogre hits you with a giant club.
You hit the two-headed ogre. You freeze the two-headed ogre.
The two-headed ogre is lightly wounded.
You feel sick. The two-headed ogre closely misses you.
You block the two-headed ogre's attack.
You hit the two-headed ogre. You freeze the two-headed ogre.
The two-headed ogre is moderately wounded.
The two-headed ogre hits you with a giant club!
* * * LOW HITPOINT WARNING * * *
You block the two-headed ogre's attack.
You hit the two-headed ogre. You freeze the two-headed ogre.
The two-headed ogre is moderately wounded.
You feel sick.
The two-headed ogre hits you with a giant club!
* * * LOW HITPOINT WARNING * * *
The two-headed ogre hits you with a giant club!
You die...

##.#.# # #.# ##.#.#
#. #.# ##.#.#
#.####.#
#...#####......#
###(...........#
#..#######...# #(.#
#..!.#
####†.#####.#...###.#
....))...#.##.[o@O..#
####..........?†###W#
#..##.###.#.##
####.....# ##)[#
#....##..# ##.).
#.##.##..#####.##.# #
#............ .
####..######## #..#


You could see a two-headed ogre, a phantom and the friendly Wardok the orc
knight.

Vanquished Creatures
  Grinder (D:5)
  A hippogriff (D:7)
  Sigmund (D:6)
  Eustachio (D:4)
  A steam dragon (D:8)
  Grum (D:8)
  Duvessa (D:5)
  2 sky beasts
  An orc warrior (D:6)
  A black bear (D:7)
  3 ogres
  A phantom (D:4)
  4 centaurs
  2 wolves (D:8)
  5 bullfrogs
  Dowan (D:5)
  2 scorpions
  2 wyvern skeletons
  A hornet simulacrum (D:8)
  4 killer bees
  2 howler monkeys (D:10)
  2 wights (D:8)
  A jelly (D:8)
  A centaur zombie (D:6)
  A bullfrog zombie (D:8)
  A hound (D:7)
  4 orc priests
  A bullfrog skeleton (D:6)
  2 orc wizards
  Ijyb (D:4)
  4 worker ants
  A killer bee zombie (D:6)
  A worker ant zombie (D:5)
  8 gnolls
  15 adders
  A hound simulacrum (D:8)
  2 shadow imps (D:7)
  A white imp (D:8)
  A worker ant simulacrum (D:8)
  An ufetubus (D:8)
  5 oozes
  2 adder skeletons
  An adder zombie (D:7)
  3 worms
  3 dart slugs
  A leopard gecko (D:4)
  11 orcs
  A ball python (D:5)
  10 bats
  3 giant cockroaches
  13 hobgoblins
  2 jackals (D:10)
  11 kobolds
  5 quokkas
  A ball python zombie (D:5)
  2 frilled lizards
  12 goblins
  A leopard gecko skeleton (D:4)
  A quokka skeleton (D:7)
  2 rats (D:3)
177 creatures vanquished.

Vanquished Creatures (collateral kills)
  Joseph (D:10)
  A queen bee (D:9)
  A hippogriff (D:8)
  Prince Ribbit (D:5)
  A hungry ghost (D:10)
  5 ice beasts
  A phantom (D:5)
  2 centaurs (D:8)
  2 ogres
  A wolf (D:8)
  A big kobold (D:8)
  A scorpion (D:9)
  2 wights (D:8)
  15 killer bees
  An electric eel (D:8)
  A bullfrog zombie (D:8)
  3 crimson imps
  3 hounds (D:9)
  2 quasits
  An orc priest (D:7)
  2 orc wizards (D:7)
  3 worker ants
  A bullfrog simulacrum (D:8)
  2 hound zombies (D:7)
  An adder (D:9)
  A shadow imp (D:8)
  A leopard gecko (D:8)
  4 orcs
  A giant cockroach (D:5)
  A kobold (D:8)
  2 plants (D:9)
65 creatures vanquished.

Vanquished Creatures (others)
  2 orc priests
  3 orc warriors
  2 orc wizards
  11 orcs
  A goblin (D:3)
19 creatures vanquished.

Grand Total: 261 creatures vanquished

Notes
Turn   | Place    | Note
-------+----------+-------------------------------------------
     0 | D:1      | KainKenai the Hill Orc Monk began the quest for the Orb.
     0 | D:1      | Reached XP level 1. HP: 19/19 MP: 1/1
    16 | D:1      | Reached XP level 2. HP: 21/27 MP: 2/2
   130 | D:1      | Reached skill level 4 in Fighting
   366 | D:1      | Reached XP level 3. HP: 33/33 MP: 3/3
   669 | D:2      | Reached skill level 5 in Axes
   742 | D:2      | Reached XP level 4. HP: 24/40 MP: 4/4
   801 | D:2      | Reached skill level 1 in Armour
  1240 | D:2      | Reached XP level 5. HP: 44/47 MP: 5/5
  1288 | D:2      | Reached skill level 1 in Shields
  1951 | D:3      | Found a shimmering altar of Xom.
  1996 | D:3      | Became a worshipper of Beogh the Brigand
  1996 | D:3      | Reached * piety under Beogh
  1996 | D:3      | Reached ** piety under Beogh
  2545 | D:4      | Reached XP level 6. HP: 39/53 MP: 6/6
  2836 | D:4      | Noticed Ijyb
  2849 | D:4      | Reached skill level 5 in Fighting
  2873 | D:4      | Killed Ijyb
  2916 | D:4      | Reached XP level 7. HP: 49/61 MP: 7/7
  2943 | D:4      | Noticed Eustachio
  2962 | D:4      | Killed Eustachio
  2962 | D:4      | Reached skill level 1 in Maces & Flails
  3534 | D:5      | Entered Level 5 of the Dungeon
  3578 | D:5      | Reached *** piety under Beogh
  3858 | D:5      | Noticed Prince Ribbit
  3864 | D:5      | Killed Prince Ribbit
  3864 | D:5      | Reached skill level 6 in Fighting
  3864 | D:5      | Reached XP level 8. HP: 39/70 MP: 8/8
  4307 | D:5      | Noticed Duvessa
  4308 | D:5      | Noticed Dowan
  4326 | D:5      | Killed Duvessa
  4333 | D:5      | Killed Dowan
  4693 | D:5      | Noticed Grinder
  4693 | D:5      | Paralysed by Grinder for 7 turns
  4703 | D:5      | Paralysed by Grinder for 6 turns
  4714 | D:5      | Paralysed by Grinder for 4 turns
  4724 | D:5      | Paralysed by Grinder for 5 turns
  4730 | D:5      | Killed Grinder
  5052 | D:6      | Reached skill level 7 in Fighting
  5052 | D:6      | Reached XP level 9. HP: 65/79 MP: 9/9
  5086 | D:6      | Noticed Sigmund
  5103 | D:6      | Killed Sigmund
  5103 | D:6      | Reached skill level 5 in Armour
  5103 | D:6      | Reached skill level 5 in Shields
  5188 | D:6      | Gained mutation: Your spells are a little harder to cast, but a little more powerful. [potion of mutation]
  5188 | D:6      | Gained mutation: Your flesh is heat resistant. (rF+) [potion of mutation]
  5203 | D:6      | Reached skill level 5 in Dodging
  5561 | D:6      | Found a staircase to the Ecumenical Temple.
  6715 | D:7      | Reached skill level 5 in Maces & Flails
  6738 | D:7      | Got a dazzling spear
  6761 | D:7      | Identified the +2 spear "Omuukune" {freeze, Int+5} (You found it on level 7 of the Dungeon)
  7095 | D:7      | Reached skill level 8 in Fighting
  7191 | D:7      | Gained Wulfoc as an ally
  7246 | D:7      | Reached **** piety under Beogh
  7763 | D:8      | Noticed Grum
  7796 | D:8      | Reached XP level 10. HP: 18/88 MP: 10/10
  7815 | D:8      | HP: 3/132 [Grum/spear (7)]
  7827 | D:8      | HP: 1/133 [Grum/spear (4)]
  7851 | D:8      | Killed Grum
  7888 | D:8      | Your ally Wulfoc died
  7894 | D:8      | HP: 2/90 [electric eel/bolt of electricity (5)]
  8262 | D:8      | Gained Wardok as an ally
  9101 | D:9      | Reached skill level 9 in Fighting
  9107 | D:9      | HP: 5/136 [queen bee (2)]
  9114 | D:9      | HP: 5/136 [poisoned by a killer bee]
  9122 | D:9      | HP: 3/91 [poisoned by a killer bee]
  9574 | D:9      | Got a jewelled dagger
  9575 | D:9      | Identified the +4 dagger of Zimuetej {freeze, rElec Int+4} (You found it on level 9 of the Dungeon)
  9824 | D:9      | Lost mutation: Your spells are a little harder to cast, but a little more powerful. [potion of mutation]
  9824 | D:9      | Lost mutation: Your flesh is heat resistant. (rF+) [potion of mutation]
  9824 | D:9      | Gained mutation: Your magical capacity is low. (-10% MP) [potion of mutation]
  9824 | D:9      | Gained mutation: You evolve. [potion of mutation]
  9965 | D:10     | Entered Level 10 of the Dungeon
  9994 | D:10     | Noticed Joseph
 10005 | D:10     | Killed Joseph
 10081 | D:10     | Noticed a two-headed ogre
 10089 | D:10     | Slain by a two-headed ogre

Vault maps used:
D:1:      sevenhm_arrival_forest_fort_small_4
D:2:      minivault_11, minmay_misc_feat_cross
D:3:      nicolae_overflow_hidden_temple, first_ration
D:4:      uniq_ijyb, uniq_eustachio
D:5:      kennysheep_generic_room_9, uniq_duvessa, uniq_grinder,
          uniq_prince_ribbit1, uniq_menkaure
D:6:      temple_statues, uniq_sigmund
D:8:      serial_ice, serial_ice_b, serial_ice_j, serial_ice_h, serial_ice_g,
          uniq_grum
D:9:      david_nohive_1, serial_bayou_pond_a
D:10:     uniq_joseph

Skill      XL: |  1  2  3  4  5  6  7  8  9 10 |
---------------+-------------------------------+-----
Fighting       | 4 5 6 7 8 9 |  9.3
Axes           | 5 6 |  6.3
Armour         | 1 2 3 4 6 7 |  7.5
Shields        | 1 2 3 4 6 7 |  7.3
Stealth        | 2 |  2.0
Dodging        | 3 4 5 6 |  6.4
Maces & Flails | 2 3 5 6 |  6.7
Polearms       | |  0.9

Action                   |  1- 3 |  4- 6 |  7- 9 | 10-12 || total
-------------------------+-------+-------+-------+-------++-------
Melee: Hand axe          |   103 |   290 |       |       ||   393
       Unarmed           |       |    26 |       |       ||    26
       Club              |       |       |   372 |   219 ||   591
       Spear             |       |       |       |    39 ||    39
Invok: Convert to Beogh  |       |     1 |       |       ||     1
       Smiting           |       |       |     1 |     1 ||     2
Evoke: Wand              |       |       |     2 |       ||     2
  Use: Potion            |       |     6 |     9 |     8 ||    23
       Scroll            |       |     5 |     6 |     4 ||    15
 Stab: Distracted        |       |       |     1 |       ||     1
       Invisible         |       |       |       |     9 ||     9
  Eat: Chunk             |       |     7 |    15 |    11 ||    33
Armor: Robe              |     3 |       |       |       ||     3
       Scale mail        |    55 |   103 |    51 |       ||   209
       Skin              |       |     2 |     5 |    97 ||   104
       Plate armour      |       |       |   106 |    92 ||   198
       Steam dragon scal |       |       |       |     3 ||     3
Dodge: Dodged            |    58 |    66 |    80 |    84 ||   288
Block: Large shield      |       |   194 |   327 |   310 ||   831

Table legend:
 A = Spawn XP
 B = Non-spawn XP
 C = Spawn XP percentage of total XP
 D = Spawn monster count
 E = Non-spawn monster count
 F = Spawn count percentage of total count
 G = Total turns spent on level
                    A         B        C        D         E        F      G
               +---------+---------+-------+---------+---------+-------+---------
         Total |       0 |    8383 |   0.0 |       0 |     240 |   0.0 | 10089
               +---------+---------+-------+---------+---------+-------+---------
           D:1 |       0 |      47 |   0.0 |       0 |      24 |   0.0 |   644
           D:2 |       0 |     123 |   0.0 |       0 |      20 |   0.0 |   789
           D:3 |       0 |     140 |   0.0 |       0 |      31 |   0.0 |  1100
           D:4 |       0 |     670 |   0.0 |       0 |      22 |   0.0 |  1001
           D:5 |       0 |    1314 |   0.0 |       0 |      20 |   0.0 |  1397
           D:6 |       0 |     952 |   0.0 |       0 |      17 |   0.0 |  1289
           D:7 |       0 |    1221 |   0.0 |       0 |      28 |   0.0 |  1526
           D:8 |       0 |    1892 |   0.0 |       0 |      39 |   0.0 |  1141
           D:9 |       0 |    1253 |   0.0 |       0 |      25 |   0.0 |  1078
          D:10 |       0 |     771 |   0.0 |       0 |      14 |   0.0 |   124
               +---------+---------+-------+---------+---------+-------+---------
